 Dungeon Crawl Stone Soup version 0.29-a0-780-g652cadfb38 (webtiles) character file.

Game seed: 649064300394534637

91111 Garessta the Convoker (level 16, -6/103 HPs)
             Began as a Tengu Summoner on July 1, 2022.
             Was an Elder of Sif Muna.
             Mangled by a swamp worm (10 damage)
             ... on level 3 of the Lair of Beasts on July 2, 2022.
             The game lasted 02:13:57 (28633 turns).

Garessta the Convoker (Tengu Summoner)             Turns: 28633, Time: 02:13:58

Health: -6/103     AC:  6    Str: 13      XL:     16   Next: 2%
Magic:  22/39      EV: 18    Int: 22 (23) God:    Sif Muna [****..]
Gold:   1102       SH:  0    Dex: 14      Spells: 4/34 levels left

rFire   x . .      SeeInvis .   B - +9 trident "With Two Names" {speed, rElec rF- Int+3}
rCold   . . .      Faith    .   (no shield)
rNeg    . . .      Spirit   .   D - +2 robe {Will+}
rPois   .          Reflect  .   U - +1 hat
rElec   +          Harm     .   L - scarf {repulsion}
rCorr   .          Rampage  .   J - +0 pair of gloves
Will    ++...                   (boots unavailable)
Stlth   ++........              u - amulet of the acrobat
HPRegen 0.27/turn               f - ring of magical power
MPRegen 0.26/turn               Q - ring of wizardry

@: flying quickly and evasively, repel missiles, quick
A: beak, talons 3, nimble flight
a: Renounce Religion, Channel Magic, Forget Spell, Divine Exegesis


You were on level 3 of the Lair of Beasts.
You worshipped Sif Muna.
Sif Muna was greatly pleased with you.
You visited 4 branches of the dungeon, and saw 21 of its levels.
You also visited: Sewer.

You collected 1102 gold pieces.

Inventory:

Hand Weapons
 B - the +9 trident "With Two Names" (weapon) {speed, rElec rF- Int+3}
   (You found it on level 9 of the Dungeon)

   Attacks with this weapon are significantly faster.
   Int:       It affects your intelligence (+3).
   rF:        It makes you vulnerable to fire.
   rElec:     It insulates you from electricity.
Missiles
 C - a throwing net
Armour
 o - a +2 cloak
 w - a +2 robe of fire resistance
 A - a scarf of resistance
 D - a +2 robe of willpower (worn)
 J - a +0 pair of gloves (worn)
 L - a scarf of repulsion (worn)
 U - a +1 hat (worn)
Magical Staves
 d - a staff of air
Jewellery
 f - a ring of magical power (left hand)
 i - a ring of protection from fire
 u - an amulet of the acrobat (around neck)
 z - a ring of resist corrosion
 K - a ring of poison resistance
 M - the ring "Qiemiraa" {AC+4 Dex+4}
   (You found it on level 13 of the Dungeon)

   [ring of protection]

   AC:        It affects your AC (+4).
   Dex:       It affects your dexterity (+4).
 Q - a ring of wizardry (right hand)
Wands
 a - a wand of flame (71)
 h - a wand of light (12)
 F - a wand of iceblast (5)
 H - a wand of mindburst (4)
 O - a wand of digging (6)
 R - a wand of paralysis (4)
Scrolls
 c - 2 scrolls of fear
 e - 6 scrolls of teleportation
 l - 3 scrolls of enchant armour
 m - 8 scrolls of blinking
 q - 2 scrolls of enchant weapon
 r - 4 scrolls of immolation
 x - 4 scrolls of vulnerability
 y - a scroll of poison
 I - 2 scrolls of magic mapping
 N - a scroll of identify
 P - 3 scrolls of torment
 T - a scroll of fog
Potions
 b - 3 potions of magic
 g - 10 potions of heal wounds
 j - a potion of invisibility
 k - 4 potions of attraction
 n - 5 potions of haste
 p - 3 potions of berserk rage
 s - 3 potions of might
 t - 3 potions of lignification
 v - 3 potions of mutation
 E - 4 potions of curing
 G - 5 potions of brilliance
 S - a potion of resistance


   Skills:
 * Level 12.8 Fighting
 - Level 3.9 Armour
 + Level 8.1 Dodging
 - Level 2.0 Stealth
 + Level 9.5 Spellcasting
 + Level 19.6 Summonings
 + Level 8.0 Translocations
 - Level 6.5 Air Magic
 - Level 5.7 Invocations


You had 4 spell levels left.
You knew the following spells:

 Your Spells              Type           Power      Damage    Failure   Level
a - Summon Horrible Thin  Summ           38%        N/A       6%          8
b - Call Canine Familiar  Summ           77%        N/A       0%          3
c - Summon Guardian Gole  Hex/Summ       52%        N/A       1%          3
d - Summon Ice Beast      Ice/Summ       52%        N/A       1%          4
e - Summon Lightning Spi  Summ/Air       61%        N/A       1%          4
g - Summon Cactus Giant   Summ           38%        N/A       1%          6
p - Blink                 Tloc           92%        N/A       1%          2

Your spell library contained the following spells:

 Spells                   Type           Power      Damage    Failure   Level
 Summon Small Mammal      Summ           100%       N/A       0%          1
 Call Imp                 Summ           77%        N/A       0%          2
 Lesser Beckoning         Tloc           46%        N/A       1%          3
 Passage of Golubria      Tloc           46%        N/A       1%          4
 Foxfire                  Conj/Fire      40%        2x1d6     2%          1
 Necrotize                Necr           40%        1d6       2%          1
 Scorch                   Fire           20%        2d6       4%          2
 Sublimation of Blood     Necr           10%        N/A       4%          2
 Conjure Flame            Conj/Fire      10%        6-21      8%          3
 Dazzling Flash           Conj/Hex       20%        N/A       8%          3
 Frozen Ramparts          Ice            20%        1d4       8%          3
 Inner Flame              Hex/Fire       10%        N/A       8%          3
 Tukima's Dance           Hex            10%        N/A       8%          3
 Vampiric Draining        Necr           10%        2d6       8%          3
 Flame Wave               Conj/Fire      10%        2d5       26%         4
 Ice Form                 Ice/Tmut       10%        N/A       26%         4
 Petrify                  Tmut/Erth      10%        N/A       26%         4
 Manifold Assault         Tloc           46%        N/A       2%          5
 Malign Gateway           Summ/Tloc      31%        N/A       8%          7
 Silence                  Hex/Air        12%        N/A       19%         5
 Agony                    Necr           10%        N/A       54%         5
 Irradiate                Conj/Tmut      5%         3d15      54%         5
 Yara's Violent Unravell  Hex/Tmut       5%         3d4       54%         5
 Chain Lightning          Conj/Air       12%        3d16      100%        9
 Fire Storm               Conj/Fire      5%         8d1       100%        9
 Shatter                  Erth           5%         3d8*      100%        9


Dungeon Overview and Level Annotations

Branches:
Dungeon (15/15)            Temple (1/1) D:4            Lair (4/6) D:11
  Swamp (1/4) Lair:2       Spider (0/4) Lair:4          Orc (0/2) D:10
 Vaults (0/5) D:14         Depths (0/4) D:15          Sewer (visited)

Altars:
Ashenzari
Cheibriados
Dithmenos
Elyvilon
Fedhas
Gozag
Hepliaklqana
Kikubaaqudgha
Makhleb
Nemelex Xobeh
Okawaru
Qazlal
Ru
Sif Muna
Trog
Uskayaw
Vehumet
Wu Jian
Xom
Yredelemnul
Zin
The Shining One
Jiyva

Shops:
D:7 (   D:12 =   D:13 (   D:14 [

Annotations:
Lair:3 1 transporter


Innate Abilities, Weirdness & Mutations

You have a beak for a mouth.
You have claws for feet.
Your magical nature lets you fly swiftly and evasively.


Message History

The bolt of electricity hits the swamp worm!!
The swamp worm fires a harpoon shot at your lightning spire.
The harpoon shot hits your lightning spire!
Your large abomination hits the briar patch!!!
The briar patch is destroyed!
The swamp worm fires a harpoon shot at you.
The harpoon shot misses you.
The swamp worm fires a harpoon shot at you.
The harpoon shot hits your tentacled monstrosity.
Reach: B) +9 trident "With Two Names" {speed, rElec rF- Int+3}
Press: ? - help, Dir - move target, f/p - swamp worm
Aim: a swamp worm (almost dead, not watching you, ally target, about 33% to evade the +9 trident "With Two Names")
You reach to attack!
You puncture the swamp worm!
You kill the swamp worm!
Sif Muna accepts your kill.
The swamp worm fires a harpoon shot at you.
The harpoon shot is repelled.
Your tentacled monstrosity tentacle-slaps the briar patch!
The briar patch is destroyed!
The swamp worm fires a harpoon shot at you.
The harpoon shot hits your tentacled monstrosity.
You swap places.
Your lightning spire disappears in a puff of smoke!
There is a transporter landing site here.
Reach: B) +9 trident "With Two Names" {speed, rElec rF- Int+3}
Press: ? - help, Dir - move target, f - swamp worm
Aim: a swamp worm (ally target, about 33% to evade the +9 trident "With Two Names")
You reach to attack!
You miss the swamp worm.
The swamp worm fires a harpoon shot at you.
The harpoon shot hits you!
* * * LOW HITPOINT WARNING * * *
You are yanked forward by the harpoon shot.
You hit the swamp worm. You claw the swamp worm. You peck the swamp worm.
The swamp worm is lightly wounded.
The swamp worm bites you!
* * * LOW HITPOINT WARNING * * *
The swamp worm fires a harpoon shot at you.
The harpoon shot hits your large abomination!
The swamp worm bites you!
You die...

#.......#..# #..# #.........##
### #..# #.........##### #.##
####..P #......#......######.#
#.##^..
##.............©.....####.....
#
##.....#.....#####....##......
#
#.#...###..###P©P###......)...
#
#####.###..#♣≈.^.§##.P####....
## ####.#.##@.^.§.#..# ##....
.# ##..#w§X^X≈##..# #..... .##
##..###X^.≈♣#.## #..... ..#
#...#♣≈.^§###.# #..... .##
##..##§.^.≈w#.# #..... ..#
###..#w≈.°.≈##.# #..... .##
#....####+####.# #.#### ..#
##.....#(($#...# ### .#####
##...#..#=©[#.###


You could see 2 swamp worms, a friendly tentacled monstrosity (summoned) and 2
friendly large abominations.

Vanquished Creatures
  A troll (D:11)
  2 wraiths
  4 vampire mosquitoes
  A swamp worm (Lair:3)
  A water moccasin (Lair:1)
  A sky beast (D:6)
  A bullfrog (D:5)
  A scorpion (D:6)
  A jelly (D:7)
  An orc priest (D:6)
  3 orc wizards
  2 adders
  A river rat (D:3)
  An orc (D:11)
  An endoplasm (D:3)
  2 giant cockroaches
  2 hobgoblins
  2 kobolds
  2 quokkas
  3 training dummies (D:7)
  2 ball pythons (Sewer)
  3 bats
  2 frilled lizards
  A rat (D:1)
41 creatures vanquished.

Vanquished Creatures (collateral kills)
  A stone giant (D:15)
  Nessos (D:13)
  The ghost of gabibbone the Geomancer, a journeyman OpEE of Ashenzari (Lair:2)
  An ettin (D:13)
  A yaktaur captain (D:13)
  2 ogre magi
  3 boulder beetles
  A hydra (D:15)
  A great orb of eyes (Lair:3)
  The ghost of Teiseom the Destroyer, a journeyman DsCj of Cheibriados (Lair:3)
  14 two-headed ogres
  Erica (Lair:2)
  4 centaur warriors
  A death yak (Lair:2)
  Amaemon (Lair:3)
  A bog body (Lair:2)
  An orc knight (D:15)
  A deep elf zephyrmancer (D:15)
  9 ugly things
  A deep elf pyromancer (D:15)
  5 cyclopes
  2 elephants
  2 manticores
  2 gargoyles
  A torpor snail (Lair:2)
  A cane toad (shapeshifter) (D:15)
  An orange demon (Lair:3)
  6 cane toads
  A black mamba (Lair:2)
  Psyche (D:10)
  A tengu conjurer (D:15)
  3 komodo dragons
  Prince Ribbit (Lair:2)
  3 trolls
  3 meliai (D:15)
  2 blink frogs
  Grinder (D:4)
  11 slime creatures
  A dream sheep (Lair:4)
  Sigmund (D:4)
  18 yaks
  3 wraiths
  4 wyverns
  2 basilisks
  A steam dragon (D:9)
  5 vampire mosquitoes
  9 water moccasins
  2 acid dragons
  Pargi (Sewer)
  2 sky beasts
  2 black bears
  4 orc warriors
  An ice beast (D:6)
  An ogre (D:15)
  7 centaurs
  5 wolves (Lair:3)
  3 kobold brigands
  10 bullfrogs
  3 necrophages
  A gnoll sergeant (D:7)
  5 scorpions
  6 killer bees
  4 nameless horrors
  5 howler monkeys
  8 orc priests
  2 hounds
  2 boudas
  5 jellies
  Jessica (D:3)
  An iguana (D:4)
  10 orc wizards
  Robin (D:4)
  17 gnolls
  8 adders
  A white imp (D:6)
  3 worms
  2 dart slugs
  26 orcs
  4 ball pythons
  7 endoplasms
  A giant cockroach (D:2)
  11 goblins
  10 hobgoblins
  20 kobolds
  2 quokkas
  8 bats
  5 frilled lizards
  8 rats
  11 briar patches (Lair:3)
374 creatures vanquished.

Vanquished Creatures (others)
  A storm dragon (D:13)
  A boulder beetle (D:11)
  4 hydras
  An ogre mage (D:15)
  2 centaur warriors
  A two-headed ogre (D:15)
  2 death yaks
  2 tengu warriors (D:13)
  Nergalle (Lair:2)
  A deep elf archer (D:13)
  3 manticores
  An ugly thing (D:12)
  A gargoyle (D:12)
  A cane toad (Lair:3)
  A tengu conjurer (D:15)
  A troll (D:12)
  A polar bear (Lair:1)
  2 slime creatures
  2 blink frogs (Lair:2)
  4 dream sheep (Lair:4)
  2 vampires
  A wyvern (D:8)
  9 yaks
  A vampire mosquito (D:11)
  Menkaure (D:4)
  4 orc warriors
  4 centaurs
  3 killer bees (D:9)
  5 gnolls
  An orc (D:10)
  A goblin (D:4)
  A briar patch (Lair:3)
  12 fungi
  15 plants
93 creatures vanquished.

Grand Total: 508 creatures vanquished

Notes
Turn   | Place    | Note
-------+----------+-------------------------------------------
     0 | D:1      | Garessta the Tengu Summoner began the quest for the Orb.
     0 | D:1      | Reached XP level 1. HP: 10/10 MP: 4/4
    62 | D:1      | Reached skill level 5 in Summonings
   121 | D:1      | Reached XP level 2. HP: 12/15 MP: 4/6
   551 | D:1      | Found a faded altar of an unknown god.
   885 | D:1      | Learned a level 2 spell: Call Imp
   948 | D:1      | Reached XP level 3. HP: 19/19 MP: 7/7
  1888 | D:2      | Reached skill level 6 in Summonings
  1909 | D:2      | Reached XP level 4. HP: 17/24 MP: 7/9
  1949 | D:2      | Learned a level 3 spell: Call Canine Familiar
  2240 | D:3      | Found a glowing drain.
  2245 | Sewer    | Entered a sewer
  2534 | Sewer    | Noticed Pargi
  2560 | Sewer    | Killed Pargi
  2561 | Sewer    | Reached skill level 7 in Summonings
  2561 | Sewer    | Gained mutation: Your magical nature lets you fly swiftly
                  | and evasively. [Tengu growth]
  2561 | Sewer    | Reached XP level 5. HP: 28/28 MP: 8/11
  2803 | D:3      | Learned a level 3 spell: Summon Guardian Golem
  2830 | D:3      | Reached XP level 6. HP: 32/32 MP: 12/12
  3144 | D:3      | Noticed Jessica
  3151 | D:3      | Killed Jessica
  3530 | D:3      | Reached skill level 8 in Summonings
  3910 | D:4      | Noticed Menkaure
  3936 | D:4      | Killed Menkaure
  3937 | D:4      | Reached XP level 7. HP: 36/36 MP: 11/14
  4131 | D:4      | Noticed Grinder
  4182 | D:4      | Killed Grinder
  4183 | D:4      | Reached skill level 9 in Summonings
  4385 | D:4      | Found a hide-covered altar of Uskayaw.
  4420 | D:4      | Found a sparkling altar of Nemelex Xobeh.
  4423 | D:4      | Found a sacrificial altar of Ru.
  4426 | D:4      | Found a snail-covered altar of Cheibriados.
  4445 | D:4      | Noticed Sigmund
  4478 | D:4      | Killed Sigmund
  4479 | D:4      | Reached skill level 5 in Spellcasting
  4479 | D:4      | Reached skill level 10 in Summonings
  4479 | D:4      | Reached XP level 8. HP: 36/41 MP: 16/16
  4547 | D:4      | Noticed Robin
  4573 | D:4      | Killed Robin
  4896 | D:4      | Found a staircase to the Ecumenical Temple.
  4905 | Temple   | Entered the Ecumenical Temple
  5070 | Temple   | Became a worshipper of Sif Muna the Loreminder
  5443 | D:4      | Upgraded the game from 0.29-a0-770-g2e8140cf71 to
                  | 0.29-a0-780-g652cadfb38
  5621 | D:5      | Entered Level 5 of the Dungeon
  5837 | D:5      | Reached skill level 1 in Fighting
  6228 | D:5      | Reached skill level 11 in Summonings
  6312 | D:5      | Found a shimmering altar of Xom.
  6787 | D:6      | Reached XP level 9. HP: 49/49 MP: 18/18
  7039 | D:6      | Learned a level 4 spell: Summon Lightning Spire
  7044 | D:6      | Learned a level 4 spell: Passage of Golubria
  7151 | D:6      | Reached skill level 1 in Air Magic
  7152 | D:6      | Reached * piety under Sif Muna
  7207 | D:6      | Reached skill level 12 in Summonings
  7708 | D:7      | Reached skill level 1 in Translocations
  7739 | D:7      | Learned a level 2 spell: Blink
  7786 | D:7      | Found Zuotiesm's Firing Range.
  8294 | D:7      | Found a shadowy altar of Dithmenos.
  8608 | D:8      | Reached skill level 5 in Fighting
  8622 | D:8      | Reached XP level 10. HP: 27/59 MP: 14/20
  8842 | D:8      | Found an opulent altar of Gozag.
  9046 | D:8      | Found an ancient bone altar of Kikubaaqudgha.
  9048 | D:8      | Found a broken altar of Ashenzari.
  9048 | D:8      | Found a basalt altar of Yredelemnul.
  9334 | D:9      | Found an ornate altar of the Wu Jian Council.
  9514 | D:9      | Noticed a two-headed ogre
  9541 | D:9      | Killed a two-headed ogre
  9542 | D:9      | Reached skill level 13 in Summonings
  9584 | D:9      | Reached skill level 1 in Armour
  9871 | D:9      | Identified the +9 trident "With Two Names" {speed, rElec
                  | rF- Int+3}
 10068 | D:9      | Reached ** piety under Sif Muna
 10069 | D:9      | Reached skill level 1 in Invocations
 10437 | D:9      | Learned a level 4 spell: Summon Ice Beast
 10530 | D:10     | Entered Level 10 of the Dungeon
 10678 | D:10     | Noticed Psyche
 10951 | D:10     | Reached skill level 5 in Air Magic
 11009 | D:10     | Found a staircase to the Orcish Mines.
 11097 | D:10     | Killed Psyche
 11248 | D:10     | Reached XP level 11. HP: 52/66 MP: 13/22
 12092 | D:10     | Noticed a cyclops
 12098 | D:10     | Reached *** piety under Sif Muna
 12115 | D:10     | Killed a cyclops
 12454 | D:11     | Noticed a death yak
 12454 | D:11     | Noticed a death yak
 12457 | D:11     | Noticed a death yak
 12459 | D:11     | Noticed a death yak
 12462 | D:11     | Noticed a death yak
 12463 | D:11     | Noticed a death yak
 12463 | D:11     | Noticed a death yak
 12464 | D:11     | Killed a death yak
 12477 | D:10     | Killed a death yak
 12674 | D:11     | Identified the +2 leather armour of Space {Dex+2}
 12748 | D:11     | Reached skill level 14 in Summonings
 12769 | D:11     | Noticed a boulder beetle
 12827 | D:11     | Killed a boulder beetle
 13089 | D:11     | Noticed a two-headed ogre
 13097 | D:11     | Killed a two-headed ogre
 13306 | D:11     | Noticed a death yak
 13472 | D:11     | Found a staircase to the Lair.
 13836 | D:11     | Noticed a boulder beetle
 13847 | D:11     | Killed a boulder beetle
 13848 | D:11     | Reached XP level 12. HP: 73/73 MP: 20/24
 14127 | D:12     | Reached skill level 5 in Dodging
 14298 | D:12     | Noticed a boulder beetle
 14342 | D:12     | Killed a boulder beetle
 14350 | D:12     | Found Lanwuoz's Jewellery Emporium.
 14350 | D:12     | Noticed a two-headed ogre
 14441 | D:12     | Noticed a centaur warrior
 14452 | D:12     | Killed a centaur warrior
 14901 | D:12     | Found the +8 demon blade "Leech" {vamp, Harm Drain rN+}
 15186 | D:12     | Noticed a five-headed hydra
 15195 | D:12     | Killed a five-headed hydra
 15467 | D:13     | Noticed a centaur warrior
 15499 | D:12     | Killed a centaur warrior
 15637 | D:13     | Noticed a centaur warrior
 15710 | Lair:1   | Entered Level 1 of the Lair of Beasts
 16628 | Lair:1   | Noticed a seven-headed hydra
 16639 | Lair:1   | Reached skill level 15 in Summonings
 16640 | Lair:1   | Killed a seven-headed hydra
 16803 | Lair:1   | Reached **** piety under Sif Muna
 17224 | Lair:2   | Noticed Nergalle
 17240 | Lair:2   | Killed Nergalle
 17361 | Lair:2   | Noticed Prince Ribbit
 17381 | Lair:2   | Killed Prince Ribbit
 17594 | Lair:2   | Reached skill level 5 in Translocations
 17685 | Lair:2   | Reached XP level 13. HP: 80/80 MP: 26/26
 17920 | Lair:2   | Found a staircase to the Swamp.
 18375 | Lair:2   | Found a runed translucent door.
 18483 | Lair:2   | Noticed Erica
 18532 | Lair:2   | Killed Erica
 18983 | Lair:2   | Reached skill level 5 in Invocations
 19210 | Lair:2   | Noticed gabibbone's ghost (journeyman OpEE)
 19349 | Lair:3   | Noticed Amaemon
 19357 | Lair:3   | Killed Amaemon
 19358 | Lair:3   | Reached skill level 10 in Fighting
 19632 | Lair:3   | Found a transporter.
 19655 | Lair:3   | Found a transporter.
 19889 | Lair:3   | Found a runed translucent gate.
 19890 | Lair:3   | Found a runed translucent gate.
 19890 | Lair:3   | Found a runed translucent gate.
 19891 | Lair:3   | Noticed a great orb of eyes
 19894 | Lair:3   | Noticed Teiseom's ghost (journeyman DsCj)
 19897 | Lair:3   | Found a viscous altar of Jiyva.
 20607 | Lair:3   | Reached skill level 16 in Summonings
 21181 | Lair:4   | Found a hole to the Spider Nest.
 22082 | Swamp:1  | Entered Level 1 of the Swamp
 22088 | Swamp:1  | HP: 4/83 [spriggan rider/+0 spear (17)]
 23003 | D:13     | Noticed a storm dragon
 23003 | D:13     | Noticed an ettin
 23005 | D:13     | Noticed a yaktaur captain
 23698 | D:13     | Killed a yaktaur captain
 23868 | D:13     | Identified the ring "Qiemiraa" {AC+4 Dex+4}
 23980 | D:13     | Killed a storm dragon
 23981 | D:13     | Reached XP level 14. HP: 77/90 MP: 9/28
 24292 | D:13     | Reached skill level 17 in Summonings
 24335 | D:13     | Learned a level 8 spell: Summon Horrible Things
 24478 | D:13     | Noticed Nessos
 24494 | D:13     | HP: 4/90 [Nessos/arrow (13)]
 24819 | D:13     | Reached skill level 18 in Summonings
 24819 | D:13     | Reached XP level 15. HP: 94/94 MP: 29/29
 24947 | D:13     | Killed Nessos
 25175 | D:13     | Found Zaed's Antique Weapon Boutique.
 25217 | D:13     | Found a shimmering blue altar of Sif Muna.
 25673 | D:14     | Found a gate to the Vaults.
 25932 | D:14     | Found Jijyej's Armour Shoppe.
 26027 | D:15     | Entered Level 15 of the Dungeon
 26195 | D:15     | Found a staircase to the Depths.
 26206 | D:15     | Reached skill level 19 in Summonings
 26405 | D:15     | Learned a level 6 spell: Summon Cactus Giant
 28279 | Lair:2   | Killed gabibbone's ghost
 28447 | Lair:3   | Reached XP level 16. HP: 103/103 MP: 17/30
 28447 | Lair:3   | Killed Teiseom's ghost
 28633 | Lair:3   | HP: 4/103 [swamp worm (17)]
 28633 | Lair:3   | Mangled by a swamp worm

Illustrated notes

Levels and vault maps discovered:
D:1:      nzn_arrival_crosshair, layout_basic,
          shapermc_ecumenical_altar_acropolis
D:2:      kb_forest_paths, layout_basic
D:3:      layout_loops_ring, portal_sewer_entry_a,
          minmay_misc_feat_secret_circle, hex_tiny, nicolae_grassy_gnolls,
          uniq_jessica
D:4:      layout_loops_ring, minitemple, minmay_temple_entry_glassed_door,
          uniq_robin, uniq_sigmund, uniq_grinder, uniq_menkaure
D:5:      layout_loops_ring, mainiacjoe_overflow_alcove_2
D:6:      layout_basic
D:7:      layout_basic, nicolae_overflow_crystal_walls, minmay_crystal_room,
          nicolae_shop_firing_range
D:8:      layout_layer_cave, gammafunk_temple_overflow_forgotten,
          grunt_gozag_statues
D:9:      layout_loops_ring, mainiacjoe_overflow_surrounded_room
D:10:     layout_basic, orc_0_dummy, minmay_sticks_and_stones, uniq_psyche
D:11:     layout_stronghold, dpeg_lair_monsters
D:12:     layout_basic, serial_shops, nicolae_take_the_stairs
D:13:     minmay_glassy_protrusions, layout_loops_cross, serial_shops,
          kennysheep_mini, hangedman_abyss_or_decor_passed, led_sif_book,
          uniq_nessos
D:14:     layout_roguey, david_vaults_2, serial_shops,
          nicolae_shop_advertising_works [nicolae_subvault_shop_adworks]
D:15:     grunt_enter_depths_giant_problem, layout_basic,
          chequers_serial_rivers_micro_a, hangedman_decor_points, billiards_dpeg
Temple:   chequers_temple_sunken
Lair:1:   layout_chaotic_city, infiniplex_staircase_pool_2, grunt_megastairs_3
Lair:2:   layout_cave_pods, skrybe_swamp_entry_bodies,
          ebering_ghost_reflecting_pool, lemuel_fruit_tree, uniq_prince_ribbit2,
          uniq_erica, uniq_nergalle
Lair:3:   gammafunk_worm_tunnel, layout_cave_pods, gammafunk_ghost_ooze,
          infiniplex_staircase_pool, uniq_amaemon
Lair:4:   layout_loops_ring, nicolae_spider_entry_non_spiders,
          serial_bayou_shore_b
Swamp:1:  layout_basic_swamp, evilmike_swamp_ruin_house_5

Skill      XL: |  1  2  3  4  5  6  7  8  9 10 11 12 13 14 15 |
---------------+----------------------------------------------+-----
Summonings     | 5 6 7 8 10 11 12 13 14 15 16 18 19 | 19.6
Spellcasting   | 3 4 5 6 7 8 9 |  9.5
Fighting       | 2 5 6 8 9 11 12 | 12.8
Air Magic      | 3 5 6 |  6.5
Translocations | 2 3 4 5 6 8 |  8.0
Armour         | 2 3 |  3.9
Invocations    | 2 3 4 5 |  5.7
Dodging        | 3 4 6 7 8 |  8.1
Stealth        | |  2.0

Action                   |  1- 3 |  4- 6 |  7- 9 | 10-12 | 13-15 | 16-18 || total
-------------------------+-------+-------+-------+-------+-------+-------++-------
Melee: Short sword       |    13 |       |       |       |       |       ||    13
       Peck              |     4 |     8 |     2 |     5 |     4 |     3 ||    26
       Kick              |     3 |     7 |    12 |    11 |     4 |     3 ||    40
       Dagger            |     3 |    48 |    22 |       |       |       ||    73
       Punch             |       |     1 |     1 |       |       |       ||     2
       Trident           |       |       |       |    45 |    25 |     6 ||    76
 Cast: Summon Small Mamm |    34 |    18 |    17 |     2 |     1 |       ||    72
       Call Imp          |    17 |    13 |    29 |    39 |    10 |       ||   108
       Call Canine Famil |       |    12 |    34 |    70 |    72 |       ||   188
       Summon Guardian G |       |     3 |    23 |    74 |    88 |       ||   188
       Summon Lightning  |       |       |     9 |    34 |    39 |     1 ||    83
       Blink             |       |       |     1 |     4 |     8 |       ||    13
       Summon Ice Beast  |       |       |       |    52 |    63 |       ||   115
       Summon Horrible T |       |       |       |       |    19 |     3 ||    22
       Summon Cactus Gia |       |       |       |       |     8 |       ||     8
Invok: Channel Magic     |       |       |       |       |     2 |       ||     2
       Forget Spell      |       |       |       |       |     2 |       ||     2
Evoke: Wand              |       |       |       |     2 |     2 |     1 ||     5
  Use: Scroll            |       |     6 |     9 |     6 |    15 |       ||    36
       Potion            |       |       |       |       |     2 |     5 ||     7
 Stab: Sleeping          |     1 |     1 |       |       |       |       ||     2
       Distracted        |       |       |       |     1 |     1 |       ||     2
Armor: Robe              |    17 |    15 |     6 |     9 |    11 |       ||    58
Dodge: Dodged            |    25 |    65 |    31 |    86 |   187 |    17 ||   411
       Repelled          |       |       |       |     2 |     3 |     7 ||    12

Table legend: (Time is in decaauts)
 A = Elapsed time spent in this place.
 B = Non-inter-level travel time spent in this place.
 C = Inter-level travel time spent in this place.
 D = Time resting spent in this place.
 E = Time spent auto-exploring this place.
 F = Levels seen in this place.
 G = Mean time per level.
                   A        B        C        D        E       F      G
               +--------+--------+--------+--------+--------+-----+--------+
         Total |  27346 |  26301 |   1045 |   5367 |  15799 |  22 | 1243.0 |
       Dungeon |  19341 |  18585 |    756 |   2991 |  11562 |  15 | 1289.4 |
        Temple |    483 |    465 |     18 |      0 |    450 |   1 |  483.0 |
          Lair |   6979 |   6709 |    270 |   2174 |   3560 |   4 | 1744.8 |
         Swamp |      6 |      6 |      0 |      0 |      0 |   1 |    6.0 |
         Sewer |    534 |    534 |      0 |    202 |    226 |   1 |  534.0 |
               +--------+--------+--------+--------+--------+-----+--------+

Top non-repeatable levels by time:
  Lair:3: 2603 daAuts
  Lair:2: 2582 daAuts
    D:13: 2195 daAuts
    D:12: 2133 daAuts
    D:10: 1933 daAuts
    D:15: 1857 daAuts
    D:11: 1541 daAuts
  Lair:1: 1484 daAuts
     D:4: 1325 daAuts
     D:6: 1132 daAuts
     D:1: 1129 daAuts
     D:2: 1105 daAuts
     D:9: 1046 daAuts
     D:5: 966 daAuts
     D:3: 844 daAuts
